 Dungeon Crawl Stone Soup version 0.27.1-33-g824d729ab1 (webtiles) character file.

Game seed: 9280910923925696690

497 zeram the Covert (level 6, -1/31 (35) HPs)
             Began as a Deep Elf Brigand on Dec 12, 2021.
             Slain by a wight (5 damage)
             ... on level 4 of the Dungeon.
             The game lasted 00:09:51 (5358 turns).

zeram the Covert (Deep Elf Brigand)                 Turns: 5358, Time: 00:09:51

HP:   -1/31 (35)    AC:  4    Str:  8    XL:     6   Next: 93%
MP:   8/8           EV: 13    Int: 24    God:
Gold: 182           SH:  0    Dex: 16    Spells: 5/5 levels left

rFire    . . .     SeeInvis .   a - +2 dagger (freeze)
rCold    . . .     Faith    .   (no shield)
rNeg     . . .     Spirit   .   b - +0 robe
rPois    .         Reflect  .   (no helmet)
rElec    .         Harm     .   c - +1 cloak
rCorr    .         Rampage  .   (no gloves)
Will     .....                  (no boots)
Stlth    ++++......             (no amulet)
HPRegen  0.10/turn              m - +6 ring of intelligence
MPRegen  0.11/turn              (no ring)

@: heavily drained
A: no striking features
a: no special abilities


You were on level 4 of the Dungeon.
You visited 1 branch of the dungeon, and saw 4 of its levels.

You collected 182 gold pieces.

Inventory:

Hand Weapons
 a - a +2 dagger of freezing (weapon)
 j - a +0 dagger of venom
Missiles
 d - 19 poisoned darts (quivered)
 e - 2 curare-tipped darts
Armour
 b - a +0 robe (worn)
 c - a +1 cloak (worn)
Jewellery
 m - a +6 ring of intelligence (left hand)
Wands
 g - a wand of polymorph (6)
 p - a wand of iceblast (7)
Scrolls
 i - 3 scrolls of magic mapping
Potions
 l - a potion of brilliance


   Skills:
 - Level 1.8 Fighting
 - Level 2.0 Short Blades
 - Level 2.0 Throwing
 + Level 3.9 Dodging
 + Level 9.7 Stealth


You had 5 spell levels left.
You didn't know any spells.
Your spell library contained the following spells:

 Spells                   Type           Power      Damage    Failure   Level
 Ignite Poison            Fire/Tmut/Pois 0%         N/A       41%         3
 Mephitic Cloud           Conj/Pois/Air  0%         N/A       41%         3
 Stone Arrow              Conj/Erth      0%         3d7       41%         3
 Animate Armour           Summ/Erth      0%         N/A       82%         4
 Bolt of Magma            Conj/Fire/Erth 0%         4d4       99%         5
 Lehudib's Crystal Spear  Conj/Erth      0%         10d2      100%        8


Dungeon Overview and Level Annotations

Branches:
Dungeon (4/15)
 Temple: D:4-7

Altars:
Wu Jian
Xom

Shops:
D:1 *


Message History

You are too injured to fight recklessly!
The wight misses you.
You see here 18 stones.
Okay, then.
You see here a +0 club.
Okay, then.
You feel clever.
m - a +6 ring of intelligence (left hand)
The wight barely misses you.
You hit the wight but do no damage.
The wight is moderately damaged.
You hit the wight but do no damage.
The wight is moderately damaged.
The wight barely misses you.
You hit the wight but do no damage.
The wight is moderately damaged.
The wight hits you with a +0 mace.
* * * LOW HITPOINT WARNING * * *
You feel drained.
You closely miss the wight.
The wight is moderately damaged.
The wight hits you with a +0 mace.
* * * LOW HITPOINT WARNING * * *
You hit the wight but do no damage.
The wight is moderately damaged.
The wight barely misses you.
You hit the wight but do no damage.
The wight is moderately damaged.
The wight barely misses you.
You hit the wight but do no damage.
The wight is moderately damaged.
The wight barely misses you.
Unknown command.
You hit the wight.
The wight is heavily damaged.
The wight closely misses you.
You hit the wight but do no damage.
The wight is heavily damaged.
The wight hits you with a +0 mace.
You die...

#.................
#########..#######>.#.####
#>..........######..#.#
#.#####.....##......#.# # #.#
#........###..#.#### ###.#
#.....#..#.......... #...#
#.....#..#.#..#....#
#.#######..........#..#....#
#.# #.....@.##..###..#....# #.#
#.##.##z##..###..#....# ####.#
#.##.##................
#.<<.####.##.####.......).....#
#.#.......##.#####..##.####(#.#
#....#######.##................
##.#.#######.##.###.##.####....
#.#............# #.##.# #.....
#.#######.###..# #.###########


You could see a wight.

Vanquished Creatures
  A black bear (D:4)
  An ogre (D:4)
  A bullfrog (D:3)
  3 wights (D:4)
  A gnoll (D:4)
  3 adders
  An adder skeleton (D:4)
  A worm (D:2)
  5 dart slugs
  An orc (D:4)
  8 ball pythons
  5 bats
  7 endoplasms
  3 giant cockroaches
  10 goblins
  5 hobgoblins
  A jackal (D:4)
  8 kobolds
  4 quokkas
  4 frilled lizards
  7 rats
80 creatures vanquished.

Notes
Turn   | Place    | Note
-------+----------+-------------------------------------------
     0 | D:1      | zeram the Deep Elf Brigand began the quest for the Orb.
     0 | D:1      | Reached XP level 1. HP: 12/12 MP: 3/3
    38 | D:1      | Reached skill level 5 in Stealth
   359 | D:1      | Reached XP level 2. HP: 1/17 MP: 4/4
  1071 | D:1      | Found Byti's Assorted Antiques.
  1196 | D:1      | Found a faded altar of an unknown god.
  1343 | D:2      | Reached XP level 3. HP: 13/21 MP: 5/5
  1632 | D:2      | Reached skill level 6 in Stealth
  1831 | D:2      | Found a shimmering altar of Xom.
  2450 | D:3      | Noticed a bullfrog
  2455 | D:3      | Reached XP level 4. HP: 26/26 MP: 6/6
  2463 | D:3      | Killed a bullfrog
  2464 | D:3      | Reached skill level 7 in Stealth
  2970 | D:3      | Reached XP level 5. HP: 18/30 MP: 7/7
  3792 | D:4      | Noticed a black bear
  3808 | D:4      | Killed a black bear
  3809 | D:4      | Reached skill level 8 in Stealth
  4267 | D:4      | Reached XP level 6. HP: 15/35 MP: 8/8
  5041 | D:4      | Found an ornate altar of the Wu Jian Council.
  5043 | D:4      | Reached skill level 9 in Stealth
  5358 | D:4      | Slain by a wight

Illustrated notes

Levels and vault maps discovered:
D:1:      dpeg_arrival_subterranean_lakeside_camping, layout_rooms,
          dreamdust_ecumenical_altar_hidden_monk_grotto, serial_shops, shop
D:2:      layout_basic, basic_altar, roderic_roman_lattice, minmay_bisected
D:3:      kb_forest_paths, layout_loops_corners, uniq_natasha
D:4:      layout_loops_ring, marbit_many_paths, kennysheep_crisscross,
          minmay_unequal

Skill      XL: |  1  2  3  4  5  6 |
---------------+-------------------+-----
Stealth        | 5 6 7 8 9 |  9.7
Dodging        | 2 3 |  3.9
Fighting       | |  1.8
Short Blades   | |  2.0
Throwing       | |  2.0

Action                   |  1- 3 |  4- 6 || total
-------------------------+-------+-------++-------
Melee: Dagger            |   128 |   157 ||   285
Throw: Dart              |     1 |    16 ||    17
Evoke: Wand              |       |     1 ||     1
  Use: Scroll            |       |     9 ||     9
       Potion            |       |     7 ||     7
 Stab: Sleeping          |    17 |     6 ||    23
       Distracted        |       |     1 ||     1
Armor: Robe              |    45 |    16 ||    61
Dodge: Dodged            |    91 |    93 ||   184
